[Event "*** Titled Tuesday Blitz"]
[Site "Chess.com"]
[Date "2020.05.19"]
[Round "7"]
[White "louis198"]
[Black "JoachimMouhamad"]
[Result "1-0"]
[WhiteElo "2496"]
[BlackElo "2323"]
[TimeControl "180+1"]
[EndTime "13:20:32 PDT"]
[Termination "louis198 won on time"]

1. d4 Nf6 2. Bf4 d5 3. e3 e6 4.
h3 c5 5. Nf3 Bd6 6. Ne5 O-O 7.
c3 Qc7 8. Bb5 a6 9. Ba4 b5 10. Bc2 Nc6 11. Nxc6 Qxc6 12. Bg5 Ne4 13. Bxe4 dxe4 14. Nd2 f5 15. dxc5 Bxc5 16. Nb3 e5 17.
O-O Be6 18. Qh5 Bf7 19. Qh4 Bxb3 20. axb3 Qe6 21. b4 Bd6 22. Rfd1 Rf7 23. Qh5 h6 24.
Bh4 f4 25. Qg4 Qxg4 26. hxg4 Bc7 27. g5 Rf5 28. Rd7 Bb6 29. g6 fxe3 30. fxe3 Bxe3+ 31. Kh2 Bg5 32. Bxg5 Rxg5 33. Rxa6 Rf8 34. Rb7 e3 35.
Ra1 Rxg6 36. Re1 Rf2 37. Rxe3 Rgxg2+ 38. Kh3 Rh2+ 39. Kg3 Rhg2+ 40. Kh3 Rh2+ 41. Kg3 Rfg2+ 42. Kf3 Rh3+ 43. Kxg2 Rxe3 44. Rxb5 e4 45. Kf2 Rf3+ 46. Ke2 Rf4 47. Re5 Kf7 48. Ke3 h5 49. Kxf4 1-0

[Event "*** Titled Tuesday Blitz"]
[Site "Chess.com"]
[Date "2020.05.19"]
[Round "7"]
[White "sopo-tereladze"]
[Black "Gandrade2"]
[Result "1-0"]
[WhiteElo "2316"]
[BlackElo "2044"]
[TimeControl "180+1"]
[EndTime "13:20:32 PDT"]
[Termination "sopo-tereladze won by resignation"]

1. d4 d5 2. Nf3 Nf6 3. Bf4 c5 4.
e3 Nc6 5. c3 Qb6 6. Qb3 c4 7.
Qxb6 axb6 8. Na3 Ra5 9. Bc7 Ra6 10. Nb5 Bf5 11. Be2 Kd7 12. Ne5+ Nxe5 13. Bxe5 e6 14. O-O Ne4 15. f3 Nf6 16. e4 Bg6 17. exd5 exd5 18. b3 cxb3 19. axb3 Ra5 20. b4 Rxa1 21. Rxa1 Be7 22. Kf2 Rc8 23. Ra3 Ne8 24. Na7 Rd8 25.
Bb5+ Ke6 26. g4 Nd6 27. f4 f5 28. g5 Ne4+ 29. Ke3 Bd6 30. Bd3 Ra8 31. Bxe4 fxe4 32. Bxd6 Kxd6 33. Nb5+ Kc6 34. Rxa8 Kxb5 35. Rg8 Kc4 36.
Rxg7 Kxc3 37. Rxb7 Kxb4 38. Rxb6+ Ka5 39. Rd6 Bf7 40.
f5 Kb5 41. g6 hxg6 42. fxg6 Bg8 43. Rd8 Be6 44. g7 Kc4 45. g8=Q Bxg8 46. Rxg8 1-0

[Event "*** Titled Tuesday Blitz"]
[Site "Chess.com"]
[Date "2020.05.19"]
[Round "7"]
[White "woodhy"]
[Black "grandcoach"]
[Result "0-1"]
[WhiteElo "2438"]
[BlackElo "2106"]
[TimeControl "180+1"]
[EndTime "13:20:33 PDT"]
[Termination "grandcoach won on time"]

1. e4 c5 2. Nf3 Nc6 3. d4 cxd4 4. Nxd4 e5 5. Nb5 d6 6. N1c3 a6 7. Na3 b5 8. Nd5 Nge7 9. c4 Nd4 10. Nc2 Nxc2+ 11.
Qxc2 Nxd5 12. exd5 Be7 13. Bd3 bxc4 14. Bxh7 g6 15.
Bxg6 fxg6 16. Qxg6+ Kd7 17. Bd2 Qg8 18. Qe4 Bb7 19. O-O-O Bxd5 20. Qc2 Qxg2 21. Rhg1 Qe4 22. Qa4+ Bc6 23. Qa3 Rab8 24. Rg7 Rh7 25. Bg5 Rxg7 26.
Bxe7 Kxe7 27. Qxd6+ Kf7 28. Qc7+ Kg8 29. Qxb8+ Kh7 30.
Qd8 Ba4 31. b3 cxb3 32. axb3 Bxb3 33. Rd2 Qc4+ 34. Kb2 Ba4 0-1

[Event "*** Titled Tuesday Blitz"]
[Site "Chess.com"]
[Date "2020.05.19"]
[Round "7"]
[White "bmt011"]
[Black "Emolas-2020"]
[Result "0-1"]
[WhiteElo "2053"]
[BlackElo "2318"]
[TimeControl "180+1"]
[EndTime "13:20:33 PDT"]
[Termination "Emolas-2020 won on time"]

1. d4 g6 2. Bf4 Bg7 3. e3 d6 4.
Nf3 Nd7 5. h3 e5 6. Bh2 e4 7. Nfd2 f5 8. Be2 Ngf6 9. c4 O-O 10.
Nc3 Kh8 11. b4 Qe7 12. c5 g5 13. h4 g4 14. cxd6 cxd6 15. Nb5 Ne8 16. Rc1 Nb6 17. Qc2 Nd5 18. Qb3 Ndc7 19. Nxc7 Nxc7 20. Nc4 Ne8 21.
b5 Be6 22. Qa3 Bxc4 23. Rxc4 Qxh4 24. O-O Qe7 25. Rfc1 Qd7 26. b6 a6 27. Rc7 Nxc7 28.
Rxc7 Qe6 29. Bxd6 Rfd8 30. Bc5 Rac8 31. Rxb7 g3 32. Qxa6 gxf2+ 33. Kxf2 f4 34. Qa7 fxe3+ 35. Kg1 Qf6 0-1

[Event "*** Titled Tuesday Blitz"]
[Site "Chess.com"]
[Date "2020.05.19"]
[Round "7"]
[White "2nd_life"]
[Black "Kobalia"]
[Result "1/2-1/2"]
[WhiteElo "2465"]
[BlackElo "2796"]
[TimeControl "180+1"]
[EndTime "13:20:34 PDT"]
[Termination "Game drawn by repetition"]

1. e4 c6 2. d4 d5 3. e5 Bf5 4. h4 h5 5. Bd3 Bxd3 6. Qxd3 Qa5+ 7.
Nd2 e6 8. Nf3 Nh6 9. O-O Nf5 10.
c4 Qa6 11. b3 Be7 12. g3 O-O 13. Qc3 Nd7 14. a4 Qb6 15. Ba3 Bxa3 16. Rxa3 a5 17.
Ra2 Rfc8 18. Qd3 Rd8 19. cxd5 cxd5 20. Rc2 Rdc8 21. Rfc1 Rc6 22. Qb5 Qxb5 23. axb5 Rxc2 24. Rxc2 a4 25. Ra2 Nb6 26. Kf1 f6 27. Ke2 Ra5 28. bxa4 Nxa4 29. Kf1 b6 30. exf6 gxf6 31. Ke1 Kf7 32.
Rc2 Rxb5 33. Rc7+ Kg6 34. Rc6 Rb1+ 35. Ke2 b5 36. Rxe6 b4 37. Ra6 Nc3+ 38. Kd3 Rb2 39. Ne5+ Kg7 40. Ra7+ Kg8 41. Ra8+ Kg7 42. Ra7+ Kg8 43.
Ra8+ Kg7 44. Ra7+ 1/2-1/2

[Event "*** Titled Tuesday Blitz"]
[Site "Chess.com"]
[Date "2020.05.19"]
[Round "7"]
[White "AliKa2810"]
[Black "chessplayer9919"]
[Result "0-1"]
[WhiteElo "2616"]
[BlackElo "2511"]
[TimeControl "180+1"]
[EndTime "13:20:34 PDT"]
[Termination "chessplayer9919 won on time"]

1. d4 Nf6 2. c4 c5 3. d5 b5 4.
cxb5 a6 5. bxa6 g6 6. Nc3 Bg7 7. e4 O-O 8. e5 Ne8 9. h4 d6 10. e6 fxe6 11. h5 gxh5 12. Qxh5 Nf6 13. Qh4 exd5 14.
Bd3 h5 15. Bg5 Nbd7 16. Nxd5 Ne5 17. Be4 Nxe4 18. Nxe7+ Kf7 19. Qxe4 Qa5+ 20. Kd1 Qxa6 21. Nf3 Qd3+ 22. Qxd3 Nxd3 23. Kc2 Nb4+ 24. Kd2 Bg4 25. a3 Bxb2 26. Rae1 Rxa3 27. Bh4 Bc3+ 28. Ke2 Bxe1 29. Rxe1 Re8 30. Kf1 Bxf3 31. gxf3 Rxf3 32. Re4 Nd5 0-1

[Event "*** Titled Tuesday Blitz"]
[Site "Chess.com"]
[Date "2020.05.19"]
[Round "7"]
[White "SerGo055"]
[Black "SchmakAttack"]
[Result "0-1"]
[WhiteElo "2566"]
[BlackElo "2455"]
[TimeControl "180+1"]
[EndTime "13:20:34 PDT"]
[Termination "SchmakAttack won by checkmate"]

1. d4 Nf6 2. Nf3 d5 3. c4 e6 4. Nc3 dxc4 5. e3 a6 6. Bxc4 b5 7. Be2 Bb7 8. O-O Nbd7 9. b3 c5 10. Bb2 Be7 11. Rc1 O-O 12. Qc2 Rc8 13. Qb1 Qb6 14.
Rfd1 Rfd8 15. h3 h6 16. dxc5 Nxc5 17. Nd4 b4 18. Na4 Nxa4 19. bxa4 Qa5 20. Bc4 Be4 21.
Qa1 Qxa4 22. Bb3 Qa5 23. Rxc8 Rxc8 24. Nxe6 Qf5 25. Nd4 Qg5 26. f3 Qxe3+ 27. Kh1 Nh5 28. fxe4 Ng3+ 29. Kh2 Bd6 30. Nf5 Nxf5+ 31. e5 Qg3+ 32.
Kh1 Bc5 33. Rf1 Ne3 34. Bxf7+ Kh8 35. Rg1 Ng4 36. hxg4 Qh4# 0-1

[Event "*** Titled Tuesday Blitz"]
[Site "Chess.com"]
[Date "2020.05.19"]
[Round "7"]
[White "Onischuk_V"]
[Black "Sibelephant"]
[Result "1-0"]
[WhiteElo "2898"]
[BlackElo "3163"]
[TimeControl "180+1"]
[EndTime "13:20:35 PDT"]
[Termination "Onischuk_V won by resignation"]

1. e4 c5 2. Nf3 d6 3. d4 cxd4 4.
Nxd4 Nf6 5. Nc3 a6 6. a4 g6 7. g3 Bg7 8. Bg2 O-O 9. h3 Nc6 10.
Nb3 Be6 11. Nd5 Na5 12. Nd4 Bxd5 13. exd5 Qb6 14. c3 Nd7 15. O-O Bxd4 16. Qxd4 Qxd4 17. cxd4 Nb3 18. Ra3 Nxd4 19. Bh6 Rfc8 20. g4 Rc4 21. Re3 Re8 22. Rfe1 e5 23. dxe6 fxe6 24. Bd5 Rxa4 25.
Rxe6 Rxe6 26. Rxe6 Nxe6 27. Bxe6+ Kh8 28. Bxd7 Rb4 29. Bd2 Re4 30. Bc8 Re7 31. Bb4 Rc7 32.
Be6 Kg7 33. Bxd6 Rc1+ 34. Kg2 Kf6 35. Bb3 Rb1 36. Bb4 b5 37. Bc3+ Ke7 38. f4 b4 39.
Bxb4+ Kd7 40. Bc3 Kc6 41. f5 gxf5 42. gxf5 Kd7 43. f6 1-0

[Event "*** Titled Tuesday Blitz"]
[Site "Chess.com"]
[Date "2020.05.19"]
[Round "7"]
[White "ChelsieMonica"]
[Black "IljaJoke"]
[Result "1-0"]
[WhiteElo "2372"]
[BlackElo "2522"]
[TimeControl "180+1"]
[EndTime "13:20:36 PDT"]
[Termination "ChelsieMonica won on time"]

1. c4 g6 2. Nf3 Bg7 3. Nc3 c5 4. e3 Nf6 5. Be2 O-O 6. O-O d5 7. cxd5 Nxd5 8. d4 cxd4 9. Nxd4 Nxc3 10. bxc3 Nc6 11. Ba3 Bd7 12. Rb1 Rb8 13. Bf3 Re8 14. Nxc6 Bxc6 15. Bxc6 bxc6 16. Rxb8 Qxb8 17. Qd7 Qc8 18.
Qxa7 Qa8 19. Qc5 e6 20. Bb4 Qa6 21. Qg5 Qxa2 22. h4 h5 23. Rd1 Qc4 24. Rd7 Bxc3 25.
Bd6 Qd5 26. Qg3 Ra8 27. Kh2 Bg7 28. e4 Qxe4 29. Bb8 Rxb8 30. Qxb8+ Kh7 31. g3 Qf3 32. Qa7 Qc3 33. Rxf7 c5 34. Qe7 Qe5 35. Qc7 Qd4 36. Kg2 c4 37. Rd7 Qe4+ 38. Kh2 Qe5 39. Qxe5 1-0

[Event "*** Titled Tuesday Blitz"]
[Site "Chess.com"]
[Date "2020.05.19"]
[Round "7"]
[White "Savagelittlemole"]
[Black "albano87"]
[Result "1-0"]
[WhiteElo "2534"]
[BlackElo "2342"]
[TimeControl "180+1"]
[EndTime "13:20:36 PDT"]
[Termination "Savagelittlemole won on time"]

1. e4 g6 2. d4 Bg7 3. Nc3 d6 4. Nge2 c6 5. g3 Nf6 6. Bg2 O-O 7. O-O Nbd7 8. h3 a5 9. Be3 a4 10. a3 Rb8 11. f4 Qc7 12. e5 Ne8 13. Ne4 d5 14. Ng5 h6 15. e6 hxg5 16. exd7 Bxd7 17.
fxg5 Nd6 18. Bf4 Qc8 19. Kh2 Ra8 20. Be5 Nc4 21. Bxg7 Kxg7 22. Qc1 Rh8 23. Nf4 Rh7 24. Re1 e6 25. b3 axb3 26. cxb3 Nd6 27. Nd3 Nf5 28. Ne5 Qc7 29. Qd2 Rah8 30. Rf1 Nd6 31. Qf4 Kg8 32. a4 Be8 33. Nxg6 Qd8 34. Nxh8 Rxh8 35.
h4 Nf5 36. Rae1 Qa8 37. Bh3 Ng7 38. Qf6 Qc8 39. g6 Qd7 40. gxf7+ Bxf7 41. Rf2 Nh5 42. Qg5+ 1-0

[Event "*** Titled Tuesday Blitz"]
[Site "Chess.com"]
[Date "2020.05.19"]
[Round "7"]
[White "nihalsarin"]
[Black "Quaternitychess"]
[Result "1-0"]
[WhiteElo "3018"]
[BlackElo "2795"]
[TimeControl "180+1"]
[EndTime "13:20:37 PDT"]
[Termination "nihalsarin won by resignation"]

1. e4 d6 2. d4 Nf6 3. Nc3 Nbd7 4. g4 h6 5. h3 e5 6. Nge2 b5 7. Bg2 b4 8. Nd5 Nxd5 9. exd5 Rb8 10. O-O Be7 11. Be3 a5 12. a3 O-O 13. axb4 axb4 14. dxe5 dxe5 15. Ng3 Bc5 16. Qd2 Bxe3 17. Qxe3 Re8 18.
Rfd1 Nf8 19. Qa7 Rb6 20. Ne4 Ng6 21. Ra5 Nf4 22. Rc5 Bb7 23. Qa2 Qh4 24. Qb3 Rd8 25. Ng3 Rd7 26. Nf5 Qd8 27. Qe3 Qf6 28. Ra5 g6 29.
Ng3 Kg7 30. Ne4 Qd8 31. Nc5 Nxg2 32. Kxg2 Rxd5 33. Nxb7 Rxd1 34. Nxd8 1-0

[Event "*** Titled Tuesday Blitz"]
[Site "Chess.com"]
[Date "2020.05.19"]
[Round "7"]
[White "ValeriyGrinev"]
[Black "hellokostya"]
[Result "0-1"]
[WhiteElo "2531"]
[BlackElo "2415"]
[TimeControl "180+1"]
[EndTime "13:20:37 PDT"]
[Termination "hellokostya won by resignation"]

1. c4 g6 2. Nc3 Bg7 3. d4 Nf6 4.
e4 d6 5. Be2 O-O 6. Nf3 e5 7.
O-O Nc6 8. d5 Ne7 9. b4 a5 10.
Ba3 axb4 11. Bxb4 b6 12. a4 Re8 13. Re1 h6 14. Bf1 Bf8 15. Qd3 c5 16. dxc6 Nxc6 17. Ba3 Bg4 18. Bb2 Rc8 19. Nd5 Nxd5 20. cxd5 Nb4 21.
Qb3 Nc2 22. Bb5 Nxa1 23. Rxa1 Bd7 24. Nd2 Bxb5 25. axb5 Qc7 26. g3 Qc2 27. Qb4 Qd3 28. Re1 Rc2 29. Nf1 Qc4 30. Qa3 Qxb5 31. Bc1 Rec8 32.
Ne3 R2c3 33. Qa1 Qd3 34. Ng4 h5 35. Nf6+ Kg7 36. Nd7 Qb5 37. Bd2 Rc2 38. Nxf8 Rxd2 39. Qa3 Kxf8 40. Qxd6+ Kg8 41. Qxe5 Rdc2 42. d6 Qxe5 0-1

[Event "*** Titled Tuesday Blitz"]
[Site "Chess.com"]
[Date "2020.05.19"]
[Round "7"]
[White "Caterpiller35"]
[Black "bazar-wokzal"]
[Result "1-0"]
[WhiteElo "2373"]
[BlackElo "2497"]
[TimeControl "180+1"]
[EndTime "13:20:37 PDT"]
[Termination "Caterpiller35 won by checkmate"]

1. d4 Nf6 2. Bg5 e6 3. e4 h6 4. Bxf6 Qxf6 5. c3 c5 6. Nf3 g5 7.
Bd3 g4 8. Ne5 h5 9. O-O Nc6 10.
Nxc6 bxc6 11. e5 Qg7 12. Nd2 cxd4 13. cxd4 c5 14. Ne4 Be7 15. Nxc5 Bxc5 16. dxc5 Qxe5 17. c6 dxc6 18. Re1 Qd5 19. Qc2 Bd7 20. Be4 Qg5 21.
Rad1 Rc8 22. Rd6 c5 23. Red1 Rc7 24. Rxd7 Rxd7 25. Qa4 O-O 26. Qxd7 Qe5 27. Bb1 Qxb2 28. Qxa7 Qb4 29. Qe7 Rb8 30. g3 c4 31. Rd8+ Kg7 32. Qg5# 1-0

[Event "*** Titled Tuesday Blitz"]
[Site "Chess.com"]
[Date "2020.05.19"]
[Round "7"]
[White "Funo09"]
[Black "MrTattaglia"]
[Result "1/2-1/2"]
[WhiteElo "2760"]
[BlackElo "3023"]
[TimeControl "180+1"]
[EndTime "13:20:38 PDT"]
[Termination "Game drawn by repetition"]

1. e4 e5 2. Nf3 Nc6 3. Bb5 a6 4. Ba4 Nf6 5. O-O Be7 6. Re1 b5 7. Bb3 d6 8. c3 O-O 9. d4 Bg4 10. Be3 exd4 11. cxd4 Na5 12. h3 Nxb3 13. axb3 Bh5 14.
Nbd2 Bg6 15. Nh4 c5 16. Nxg6 hxg6 17. e5 dxe5 18. dxe5 Nd5 19. Ne4 Nxe3 20. Rxe3 Qb6 21. Qg4 Rad8 22. e6 Qxe6 23. Qxe6 fxe6 24. Rxa6 Bf6 25.
Nxf6+ Rxf6 26. Rexe6 Rd1+ 27. Kh2 Rxe6 28. Rxe6 Rd2 29.
Rxg6 Rxf2 30. Rg5 Rxb2 31. Rxc5 Rxb3 32. h4 Kh7 33. g3 Rb4 34. Kh3 Kg6 35. Rc6+ Kf5 36.
Rc7 Kf6 37. Rc6+ Kf7 38. Rc7+ Kg8 39. h5 Rc4 40. Rb7 b4 41. g4 Kh7 42. Kh4 Kh6 43.
Rb6+ Kh7 44. Rb7 Kh6 45. Rb6+ Kh7 46. Rb7 1/2-1/2

[Event "*** Titled Tuesday Blitz"]
[Site "Chess.com"]
[Date "2020.05.19"]
[Round "7"]
[White "S_Kalvaitis"]
[Black "IMinTheWings"]
[Result "0-1"]
[WhiteElo "2335"]
[BlackElo "2237"]
[TimeControl "180+1"]
[EndTime "13:20:38 PDT"]
[Termination "IMinTheWings won by resignation"]

1. d4 Nf6 2. Nf3 e6 3. Bf4 d5 4.
e3 c5 5. c3 Nc6 6. Bd3 Nh5 7.
Bg3 Be7 8. Nbd2 Nxg3 9. hxg3 h6 10. Ne5 Nxe5 11. dxe5 Qb6 12. b3 Bd7 13. Qg4 g6 14. Nf3 h5 15. Qf4 Qa5 16. Kd2 b5 17. Ng5 Bxg5 18.
Qxg5 Qd8 19. Qf4 c4 20. Bc2 Qe7 21. b4 a5 22. a3 Kd8 23. Qd4 Kc7 24. f4 Ra6 25. g4 h4 26. Ra2 Rha8 27. Rha1 R8a7 28. Ke2 Kd8 29. Kd2 Ke8 30. Ke2 Kf8 31. Kd2 Kg8 32.
Ke2 Qd8 33. Qd1 Qa8 34. Qc1 axb4 35. cxb4 d4 36. exd4 Qxg2+ 37. Ke3 Qg3+ 38. Kd2 c3+ 39. Ke2 Qxg4+ 40. Kd3 Qf3+ 41. Qe3 Qxe3+ 42. Kxe3 Bc6 43.
Bb3 h3 44. Kf2 h2 45. d5 exd5 46. Bxd5 Bxd5 47. Rc2 h1=Q 48. Rxh1 Bxh1 49. Rxc3 Rxa3 50. Rc8+ Kg7 0-1

[Event "*** Titled Tuesday Blitz"]
[Site "Chess.com"]
[Date "2020.05.19"]
[Round "7"]
[White "esskeettit"]
[Black "Efremov_Vlad"]
[Result "1-0"]
[WhiteElo "2318"]
[BlackElo "2143"]
[TimeControl "180+1"]
[EndTime "13:20:38 PDT"]
[Termination "esskeettit won by checkmate"]

1. d4 d5 2. c4 e6 3. Nc3 Bb4 4. e3 Nf6 5. Qa4+ Nc6 6. Nf3 O-O 7. Bd2 dxc4 8. Bxc4 Bd6 9. Qc2 a6 10. O-O e5 11. dxe5 Nxe5 12. Nxe5 Bxe5 13. f4 Bd6 14. h3 b5 15. Bb3 Bb7 16. e4 c5 17. e5 c4 18.
exd6 Qxd6 19. Be3 cxb3 20. axb3 Qc6 21. Qf2 Ne4 22. Nxe4 Qxe4 23. Rfe1 Qd5 24. b4 Rad8 25. Bc5 Rfe8 26. Kh2 f6 27. Bb6 Rxe1 28. Rxe1 Rc8 29. Re7 Bc6 30. Qg3 g6 31. Qg4 Re8 32. Rxe8+ Bxe8 33. Qc8 Qc6 34. Qd8 Qd7 35. Qxf6 Qf7 36. Qe5 Bc6 37.
Bd4 Qd5 38. Qg7# 1-0

[Event "*** Titled Tuesday Blitz"]
[Site "Chess.com"]
[Date "2020.05.19"]
[Round "7"]
[White "tsvet2005"]
[Black "okriak"]
[Result "0-1"]
[WhiteElo "2512"]
[BlackElo "2753"]
[TimeControl "180+1"]
[EndTime "13:20:39 PDT"]
[Termination "okriak won by checkmate"]

1. d4 d6 2. e4 g6 3. Nc3 Bg7 4. Be3 a6 5. Qd2 b5 6. O-O-O Bb7 7. f3 Nd7 8. h4 h6 9. h5 g5 10. Nge2 Rc8 11. Ng3 e6 12. d5 Ne5 13. f4 gxf4 14.
Bxf4 Qd7 15. dxe6 fxe6 16. Be2 Ne7 17. Rdf1 Qc6 18. Nd1 Kd7 19. Ne3 Rcf8 20. Kb1 Kc8 21. Ng4 Nc4 22. Bxc4 Qxc4 23. b3 Qc6 24. Bxh6 Rxf1+ 25.
Rxf1 Bc3 26. Qd3 b4 27. Rf8+ Rxf8 28. Bxf8 Qe8 29. Bh6 Qg8 30. Qf3 Kd7 31. Bc1 Qh8 32.
Qf7 Qd4 33. h6 Qd1 34. Nf2 Qe1 35. Qf3 Be5 36. h7 Bh8 37. Nh5 Nf5 38. Nd3 Qh1 39. Nhf4 Nd4 40. Qe3 Nb5 41. Ng6 Na3# 0-1

[Event "*** Titled Tuesday Blitz"]
[Site "Chess.com"]
[Date "2020.05.19"]
[Round "7"]
[White "frankshar"]
[Black "IwkooO"]
[Result "1/2-1/2"]
[WhiteElo "2386"]
[BlackElo "2547"]
[TimeControl "180+1"]
[EndTime "13:20:39 PDT"]
[Termination "Game drawn by repetition"]

1. d4 Nf6 2. Nf3 e6 3. e3 b6 4. b3 Bb7 5. Bb2 d6 6. Bd3 Nbd7 7. O-O Be7 8. Nbd2 O-O 9. Qe2 c5 10. Rfd1 Qc7 11. Rac1 Rfd8 12. Ba6 d5 13. Bxb7 Qxb7 14. c4 Rac8 15. h3 h6 16. Ne5 Qa6 17. a4 dxc4 18. Ndxc4 Nxe5 19. dxe5 Nd5 20. Qg4 g6 21. e4 Nb4 22.
Nd6 Rc7 23. Qf3 Bf8 24. Bc3 Na2 25. Rc2 Nxc3 26. Rxc3 Rcd7 27. Rcd3 Bg7 28. Qg3 h5 29.
f4 Kh7 30. Kh2 Qa5 31. Qf3 Qb4 32. Nxf7 Rxd3 33. Ng5+ Kh6 34. Rxd3 Rxd3 35. Qxd3 Qe1 36. Nf7+ Kh7 37. Ng5+ Kh6 38. Nf7+ Kh7 39. Ng5+ Kh6 1/2-1/2

[Event "*** Titled Tuesday Blitz"]
[Site "Chess.com"]
[Date "2020.05.19"]
[Round "7"]
[White "CalinGheorghiu"]
[Black "mortngabriel"]
[Result "0-1"]
[WhiteElo "2273"]
[BlackElo "2446"]
[TimeControl "180+1"]
[EndTime "13:20:39 PDT"]
[Termination "mortngabriel won by resignation"]

1. e4 e5 2. Nf3 Nc6 3. Nc3 Nf6 4. d4 exd4 5. Nxd4 Bb4 6. Nxc6 bxc6 7. Bd3 d5 8. exd5 O-O 9. O-O Bg4 10. Be2 Bxe2 11. Nxe2 cxd5 12. b3 c6 13. Bb2 Re8 14. Ng3 Ne4 15. Qg4 Bc3 16. Bxc3 Nxc3 17. Rae1 Qf6 18. a4 a5 19. Nh5 Qg6 20. Qxg6 hxg6 21. Ng3 f5 22. f4 Kf7 23. Kf2 Kf6 24. Re3 d4 25.
Rxe8 Rxe8 26. Re1 Ne4+ 27. Kf3 Nd2+ 28. Kf2 Rxe1 29. Kxe1 Ne4 30. Nf1 Ke6 31. Nd2 Kd5 32. Nc4 Nc5 33. Nxa5 d3 34. c4+ Ke4 35. Nxc6 Ke3 36. a5 Ne4 37. Nb4 d2+ 38. Kd1 Nf2+ 0-1

[Event "*** Titled Tuesday Blitz"]
[Site "Chess.com"]
[Date "2020.05.19"]
[Round "7"]
[White "robertofabregas"]
[Black "Charlottemillard17"]
[Result "1-0"]
[WhiteElo "2111"]
[BlackElo "1418"]
[TimeControl "180+1"]
[EndTime "13:20:39 PDT"]
[Termination "robertofabregas won by checkmate"]

1. c4 c6 2. Nc3 d6 3. g3 Nf6 4.
Bg2 e6 5. d4 d5 6. Nf3 Be7 7.
O-O O-O 8. Re1 h6 9. e4 dxc4 10. a4 Nbd7 11. Ne5 Nxe5 12. dxe5 Qxd1 13. Nxd1 Ng4 14.
f4 Bc5+ 15. Be3 Nxe3 16. Nxe3 Rd8 17. Kf1 Bxe3 18. Rxe3 b5 19. f5 exf5 20. exf5 Bxf5 21. Bxc6 Bd3+ 22. Kf2 Rac8 23. axb5 Rc7 24. e6 fxe6 25. Rxe6 Rf7+ 26. Kg2 Bf5 27. Re5 Rd2+ 28. Kg1 Rxb2 29.
Bd5 Bd3 30. Rxa7 Rb1+ 31. Kg2 Rb2+ 32. Kh3 Bf1+ 33. Kg4 h5+ 34. Kg5 Rf2 35. Re8+ Kh7 36. Rxf7 Rxf7 37. Bxf7 c3 38. Bg6# 1-0

[Event "*** Titled Tuesday Blitz"]
[Site "Chess.com"]
[Date "2020.05.19"]
[Round "7"]
[White "lolo9292"]
[Black "chito89"]
[Result "0-1"]
[WhiteElo "2526"]
[BlackElo "2733"]
[TimeControl "180+1"]
[EndTime "13:20:40 PDT"]
[Termination "chito89 won by resignation"]

1. d4 Nf6 2. c4 e6 3. Nc3 c5 4.
Nf3 cxd4 5. Nxd4 a6 6. e4 Bb4 7.
Qd3 O-O 8. e5 Ne8 9. Be2 d6 10.
exd6 Nxd6 11. O-O e5 12. Nb3 Bf5 13. Qg3 Bxc3 14. Qxc3 Nc6 15. Rd1 Qf6 16. Nc5 Rad8 17. Be3 Ne4 18. Nxe4 Bxe4 19. f3 Nd4 20. Bxd4 exd4 21. Qb4 Bc6 22. Bd3 Rfe8 23. Re1 Qg5 24. Kh1 Re3 25. Qd2 Rde8 26. Rxe3 Qxe3 27. Qd1 Qf2 28.
Bf1 Qxb2 29. Rb1 Qxa2 30. Ra1 Qf2 31. Rc1 h5 32. h3 h4 33. Qd3 Re1 34. Rxe1 Qxe1 35.
Kh2 Qe5+ 36. Kh1 a5 37. Be2 a4 38. Bd1 a3 39. Bb3 Qe1+ 40. Kh2 Qc3 41. Qf5 g6 42.
Qb1 d3 43. Ba2 Qe5+ 44. Kg1 d2 45. Kf2 Qg3+ 46. Kf1 Bxf3 47. Qxg6+ fxg6 0-1

[Event "*** Titled Tuesday Blitz"]
[Site "Chess.com"]
[Date "2020.05.19"]
[Round "7"]
[White "Szparu"]
[Black "Evgeny81"]
[Result "0-1"]
[WhiteElo "2551"]
[BlackElo "2720"]
[TimeControl "180+1"]
[EndTime "13:20:40 PDT"]
[Termination "Evgeny81 won by resignation"]

1. e4 e6 2. d4 d5 3. Nd2 Nd7 4. Ngf3 Ne7 5. c3 c5 6. Bd3 cxd4 7. cxd4 dxe4 8. Nxe4 Nd5 9. Bg5 Qa5+ 10. Bd2 Bb4 11. O-O Bxd2 12. Nfxd2 O-O 13. Nb3 Qb6 14. Rc1 N7f6 15.
Nec5 Bd7 16. g4 Bc6 17. g5 Nf4 18. h4 Qc7 19. f3 Nxd3 20. Qxd3 Qg3+ 21. Kh1 Ng4 22.
Rc2 Qxh4+ 23. Kg1 Rad8 24. fxg4 Qxg4+ 25. Kh2 Qxg5 26. Rg1 Qf6 27. Qg3 Rd5 28. Rgg2 Rh5+ 29. Kg1 Bxg2 30. Rxg2 Rd8 31. Ne4 Qh6 32. Qc7 Rf8 33.
Nbc5 Qe3+ 34. Rf2 Qxd4 35. Qd6 Qxd6 36. Nxd6 Rg5+ 37. Rg2 Rxc5 0-1

[Event "*** Titled Tuesday Blitz"]
[Site "Chess.com"]
[Date "2020.05.19"]
[Round "7"]
[White "scabies1"]
[Black "PotapovaM"]
[Result "0-1"]
[WhiteElo "2283"]
[BlackElo "2425"]
[TimeControl "180+1"]
[EndTime "13:20:40 PDT"]
[Termination "PotapovaM won on time"]

1. e4 c5 2. Nf3 d6 3. d4 cxd4 4. Nxd4 Nf6 5. Nc3 a6 6. Bg5 e6 7. f4 h6 8. Bh4 Qb6 9. Qd2 Qxb2 10. Rb1 Qa3 11. f5 Be7 12. Bg3 O-O 13. Be2 Nc6 14.
fxe6 fxe6 15. Nxc6 bxc6 16. O-O e5 17. Rb3 Qa5 18. Bf2 Qd8 19. h3 Be6 20. Rb6 Qc8 21. Rfb1 Rd8 22. Rb7 Bf8 23. Bh4 d5 24. Bxf6 gxf6 25.
Qd3 Rd7 26. Qg3+ Bg7 27. Rxd7 Qxd7 28. exd5 cxd5 29. Rb6 Qa7 30. Qf2 Bf7 31. Bf3 e4 32.
Bg4 d4 33. Na4 e3 34. Qf3 Re8 35. Qf4 e2 36. Bxe2 Rxe2 37. Rb8+ Re8 38. Rxe8+ Bxe8 39. Qe4 Bxa4 0-1

[Event "*** Titled Tuesday Blitz"]
[Site "Chess.com"]
[Date "2020.05.19"]
[Round "7"]
[White "Nikithebest"]
[Black "Perecke"]
[Result "1-0"]
[WhiteElo "2439"]
[BlackElo "2264"]
[TimeControl "180+1"]
[EndTime "13:20:41 PDT"]
[Termination "Nikithebest won on time"]

1. e4 c5 2. Nf3 e6 3. d3 Nf6 4. g3 d5 5. Qe2 Be7 6. Bg2 O-O 7.
O-O Nc6 8. e5 Nd7 9. c4 dxc4 10.
dxc4 f6 11. exf6 Nxf6 12. Nc3 Nd4 13. Nxd4 cxd4 14. Rd1 Bc5 15. Ne4 Nxe4 16. Qxe4 Qf6 17. f4 Bd7 18. Re1 Rab8 19. Bd2 Rfe8 20. b4 Bc6 21.
Qe5 d3+ 22. Kh1 Bd4 23. Qxf6 gxf6 24. Rad1 e5 25. fxe5 fxe5 26. Be4 Bxe4+ 27. Rxe4 Rf8 28. Bf4 exf4 29. Rxd4 fxg3 30. hxg3 Rf2 31. R4xd3 Rxa2 32. Rd8+ Rxd8 33. Rxd8+ Kg7 34. Rd7+ Kg6 35. Rxb7 Rc2 36. c5 a5 37. bxa5 Rxc5 38. a6 Ra5 39. a7 Ra2 40. Kg1 h6 41. Kf1 Kf6 42. Ke1 Kg6 43.
Kd1 Kf6 44. Kc1 Kg5 45. Kb1 Ra6 46. Kb2 Kg4 47. Rg7+ Kf3 48. Kb3 h5 49. Kb4 Ra1 50. Kb5 Rb1+ 51. Ka6 Ra1+ 52. Kb7 Rb1+ 53. Ka8 Ra1 54.
Kb8 Rb1+ 55. Rb7 Ra1 56. Rb3+ Kg2 57. a8=Q+ 1-0

[Event "*** Titled Tuesday Blitz"]
[Site "Chess.com"]
[Date "2020.05.19"]
[Round "7"]
[White "lucliasco"]
[Black "Jospem"]
[Result "1/2-1/2"]
[WhiteElo "2667"]
[BlackElo "2814"]
[TimeControl "180+1"]
[EndTime "13:20:43 PDT"]
[Termination "Game drawn by repetition"]

1. b3 c5 2. Bb2 Nc6 3. e3 e6 4. f4 Nf6 5. Nf3 b6 6. Bd3 Bb7 7. O-O Be7 8. Qe1 d5 9. Ne5 d4 10. Nxc6 Bxc6 11. Na3 O-O 12. Nc4 Rc8 13. Ne5 Ba8 14.
a3 g6 15. Qf2 Ne4 16. Bxe4 Bxe4 17. d3 Bb7 18. e4 f6 19. Nc4 f5 20. Rae1 fxe4 21. dxe4 b5 22. Ne5 Bd6 23. Qe2 a6 24.
a4 bxa4 25. bxa4 Rxf4 26. Rxf4 Bxe5 27. Rff1 c4 28. Bc1 Qh4 29. g3 Qe7 30. Bf4 Bg7 31. Qd2 Qc5 32. Bh6 c3 33. Qf4 d3+ 34. Kg2 Bxh6 35.
Qf7+ Kh8 36. Qxb7 d2 37. Rd1 Qc6 38. Qxc6 Rxc6 39. Rb1 Rd6 40. Rb8+ Kg7 41. Rb7+ Kg8 42. Rb8+ Kg7 43. Rb7+ Kg8 44. Rb8+ Kg7 1/2-1/2